 Dungeon Crawl Stone Soup version 0.29-a0-321-gf1c400731a (webtiles) character file.

Game seed: 6452157177271515292

1168 sammy202020 the Skirmisher (level 8, -5/65 HPs)
             Began as a Demonspawn Berserker on Apr 5, 2022.
             Was a High Priest of Trog.
             Killed from afar by an electric eel (14 damage)
             ... with a bolt of electricity
             ... on level 6 of the Dungeon.
             The game lasted 00:11:05 (6817 turns).

sammy202020 the Skirmisher (Demonspawn Berserker)   Turns: 6817, Time: 00:11:05

Health: -5/65      AC:  9    Str: 22    XL:     8   Next: 17%
Magic:  7/7        EV: 14    Int: 10    God:    Trog [*****.]
Gold:   126        SH:  0    Dex: 12    Spells: 7/7 levels left

rFire   . . .      SeeInvis .   a - +0 hand axe
rCold   . . .      Faith    .   (no shield)
rNeg    . . .      Spirit   .   z - +2 scale mail {rPois}
rPois   +          Reflect  .   (no helmet)
rElec   .          Harm     .   (cloak unavailable)
rCorr   .          Rampage  .   (no gloves)
Will    .....                   (no boots)
Stlth   ..........              (no amulet)
HPRegen 0.20/turn               A - ring of poison resistance
MPRegen 0.10/turn               b - ring "Lojiw" {EV+4 Str+3 Slay+2}

@: very slow
A: hooves 1, weakness stinger 3, low MP 1
a: Renounce Religion, Berserk, Trog's Hand, Brothers in Arms


You were on level 6 of the Dungeon.
You worshipped Trog.
Trog was extremely pleased with you.
You visited 1 branch of the dungeon, and saw 6 of its levels.
You also visited: Sewer.

You collected 698 gold pieces.
You spent 572 gold pieces at shops.

Inventory:

Hand Weapons
 a - a +0 hand axe (weapon)
 h - a +0 club
Missiles
 t - 4 boomerangs (quivered)
 v - 2 throwing nets
Armour
 g - a +0 helmet
 y - a +0 pair of gloves
 z - a +2 scale mail of poison resistance (worn)
Jewellery
 b - the ring "Lojiw" (right hand) {EV+4 Str+3 Slay+2}
   (You acquired it on level 3 of the Dungeon)

   [ring of evasion]

   EV:        It affects your evasion (+4).
   Str:       It affects your strength (+3).
   Slay:      It affects your accuracy & damage with ranged weapons and melee
   (+2).
 l - a +6 ring of intelligence
 r - an amulet of magic regeneration
 x - an amulet of faith
 A - a ring of poison resistance (left hand)
Wands
 c - a wand of polymorph (10)
 w - a wand of charming (8)
Scrolls
 e - 3 scrolls of teleportation
 i - 2 scrolls of immolation
 j - a scroll of vulnerability
 p - 2 scrolls of enchant armour {unknown}
Potions
 d - 5 potions of flight
 f - a potion of degeneration {unknown}
 k - a potion of cancellation {unknown}
 m - 2 potions of curing
 n - 2 potions of magic {unknown}
 o - 2 potions of ambrosia
 q - 3 potions of lignification
 s - a potion of mutation
 u - 2 potions of heal wounds {unknown}


   Skills:
 * Level 6.9 Fighting
 * Level 6.2 Axes
 + Level 4.2 Armour
 - Level 1.7 Dodging


You had 7 spell levels left.
You didn't know any spells.
Your spell library was empty.

Dungeon Overview and Level Annotations

Branches:
Dungeon (6/15)             Temple (0/1) D:5           Sewer (visited)

Altars:
Ashenzari
Dithmenos
Gozag
Sif Muna
Vehumet

Shops:
D:3 ?


Innate Abilities, Weirdness & Mutations

You have large cloven feet.
You have a sharp stinger which inflicts weakening toxins.
Your magical capacity is low. (-10% MP)


Message History

An electric eel is nearby!
You are too injured to fight recklessly!
Throw: 4 boomerangs
Press: ? - help, Q - select action, (/) - cycle Shift-Dir - straight line, f - electric eel
Aim: an electric eel (wandering, hasn't noticed you, 46% to hit)
You throw a boomerang. The boomerang misses the electric eel.
Throw: 4 boomerangs
Press: ? - help, Q - select action, (/) - cycle Shift-Dir - straight line, f - you Really target yourself?
Okay, then.
The electric eel shoots out a bolt of lightning at you!
The bolt of electricity hits you.
The electric eel shoots out a bolt of lightning at you!
The bolt of electricity hits you!
The electric eel shoots out a bolt of lightning at you!
The bolt of electricity misses you.
p - 2 scrolls labelled QODONA BASEA (gained 1)
The electric eel shoots out a bolt of lightning at you!
The bolt of electricity hits the plant!
The plant begins to die.
The bolt of electricity hits you!
* * * LOW HITPOINT WARNING * * *
Okay, then.
A nearby plant withers and dies.
Your ogre goes berserk!
Your ogre rages.
You swap places.
You enter the shallow water.
Moving in this stuff is going to be slow.
Your ogre rages.
You hit the electric eel. Your kick misses the electric eel.
The electric eel is lightly wounded.
Your ogre closely misses the electric eel.
You slash the electric eel! Your kick misses the electric eel.
The electric eel is heavily wounded.
Your ogre misses the electric eel.
The electric eel shoots out a bolt of lightning at you!
The bolt of electricity misses you. The bolt of electricity hits you!
* * * LOW HITPOINT WARNING * * *
The electric eel shoots out a bolt of lightning at you!
The bolt of electricity hits your ogre! The bolt of electricity hits you!
You die...

..≈≈≈≈♣≈≈≈≈≈≈≈≈≈≈≈≈≈≈≈≈≈P
≈≈≈P
..≈≈≈P≈≈≈P≈≈≈≈≈≈≈≈≈≈≈≈≈≈≈
≈♣≈
..♣♣≈≈≈P≈P≈≈≈≈≈≈≈≈≈≈≈≈≈≈P
≈≈P
.).≈P≈≈≈≈≈≈≈≈≈≈≈≈≈≈≈≈≈P≈≈♣≈P
#...≈♣P≈≈♣≈P≈≈≈≈≈≈≈≈≈≈≈♣P≈≈♣
.....♣P≈≈≈≈≈≈≈≈≈≈≈≈≈≈≈P≈P≈≈
.....P≈♣≈≈≈P≈≈P≈≈≈≈≈♣♣♣P♣≈#
.....#..P≈♣≈♣≈♣♣S≈♣≈≈≈≈≈≈.#
....##..#...♣♣≈≈@OS♣≈##.#.#
....#.............#####...#
....###.......#..........##
#...##.......#############
#...##......## #######.....#
## #..<..# .## ##..[.# ..##
##...#


You could see 2 electric eels and a friendly ogre (summoned, berserk).

Vanquished Creatures
  An ogre (D:5)
  2 black bears (D:5)
  A phantom (D:5)
  A bullfrog (D:6)
  A necrophage (D:4)
  A scorpion (D:4)
  2 hounds
  Crazy Yiuf (D:3)
  2 jellies (D:5)
  Natasha (thrice) (D:2)
  An iguana (D:6)
  A merfolk avatar (Sewer)
  A merfolk siren (Sewer)
  An orc wizard (D:6)
  Robin (D:2)
  2 gnolls (D:4)
  7 adders
  2 river rats (Sewer)
  3 white imps
  2 ufetubi
  2 worms
  4 dart slugs
  12 orcs
  7 endoplasms
  8 giant cockroaches
  5 hobgoblins
  9 jackals
  11 quokkas
  12 ball pythons
  4 bats
  6 frilled lizards
  13 goblins
  7 kobolds
  52 rats
188 creatures vanquished.

Vanquished Creatures (others)
  12 plants
12 creatures vanquished.

Grand Total: 200 creatures vanquished

Notes
Turn   | Place    | Note
-------+----------+-------------------------------------------
     0 | D:1      | sammy202020 the Demonspawn Berserker began the quest for
                  | the Orb.
     0 | D:1      | Reached XP level 1. HP: 18/18 MP: 1/1
   346 | D:1      | Discovered your monstrous ancestry.
   346 | D:1      | Gained mutation: You have large cloven feet. [demonic
                  | ancestry]
   346 | D:1      | Reached XP level 2. HP: 24/24 MP: 2/2
   914 | D:2      | Found a radiant altar of Vehumet.
  1125 | D:2      | Noticed Natasha
  1132 | D:2      | Killed Natasha
  1133 | D:2      | Reached XP level 3. HP: 19/30 MP: 3/3
  1264 | D:2      | Noticed Robin
  1279 | D:2      | Killed Robin
  1281 | D:2      | Reached XP level 4. HP: 14/37 MP: 4/4
  1281 | D:2      | Noticed Natasha
  1285 | D:2      | Killed Natasha
  1285 | D:2      | Reached ** piety under Trog
  1287 | D:2      | HP: 2/55 [hobgoblin[Robin] (5)]
  1789 | D:2      | Noticed Natasha
  1799 | D:2      | Killed Natasha
  1932 | D:2      | Found a faded altar of an unknown god.
  2180 | D:2      | Gained mutation: You have a small tail. [demonic ancestry]
  2180 | D:2      | Reached XP level 5. HP: 42/42 MP: 5/5
  3039 | D:3      | Found Imeamo's Magic Scroll Shoppe.
  3076 | D:3      | Found an opulent altar of Gozag.
  3308 | D:3      | Found a runed translucent door.
  3309 | D:3      | Noticed Crazy Yiuf
  3318 | D:3      | Killed Crazy Yiuf
  3747 | D:4      | Found a shimmering blue altar of Sif Muna.
  3836 | D:4      | Reached XP level 6. HP: 48/50 MP: 6/6
  3867 | D:4      | Reached *** piety under Trog
  3869 | D:4      | Found a radiant altar of Vehumet.
  3893 | D:4      | Reached skill level 5 in Fighting
  4504 | D:4      | Identified a scroll of acquirement
  4504 | D:4      | Acquired 397 gold pieces
  4546 | D:3      | Bought a scroll of acquirement for 572 gold pieces
  4547 | D:3      | Acquired the ring "Lojiw" {EV+4 Str+3 Slay+2}
  4624 | D:5      | Entered Level 5 of the Dungeon
  4782 | D:5      | Reached skill level 5 in Axes
  4782 | D:5      | Gained mutation: You have a tail ending in a sharp stinger.
                  | [demonic ancestry]
  4782 | D:5      | Reached XP level 7. HP: 41/56 MP: 7/7
  4869 | D:5      | Found a glowing drain.
  4889 | Sewer    | Entered a sewer
  4905 | Sewer    | Reached **** piety under Trog
  5186 | Sewer    | Reached ***** piety under Trog
  5957 | D:5      | Found a staircase to the Ecumenical Temple.
  5960 | D:5      | Found a shadowy altar of Dithmenos.
  5992 | D:5      | Found a broken altar of Ashenzari.
  6225 | D:5      | Gained mutation: You have a sharp stinger which inflicts
                  | weakening toxins. [demonic ancestry]
  6225 | D:5      | Reached XP level 8. HP: 62/65 MP: 8/8
  6595 | D:6      | Gained mutation: Your body sometimes deteriorates upon
                  | taking damage. [potion of mutation]
  6595 | D:6      | Gained mutation: You are strong-willed. (Will+) [potion of
                  | mutation]
  6595 | D:6      | Gained mutation: You have a pair of small horns on your
                  | head. [potion of mutation]
  6596 | D:6      | Lost mutation: You are strong-willed. (Will+) [potion of
                  | mutation]
  6596 | D:6      | Lost mutation: Your body sometimes deteriorates upon taking
                  | damage. [potion of mutation]
  6596 | D:6      | Lost mutation: You have a pair of small horns on your head.
                  | [potion of mutation]
  6596 | D:6      | Gained mutation: Your magical capacity is low. (-10% MP)
                  | [potion of mutation]
  6817 | D:6      | Killed from afar by an electric eel

Illustrated notes

Levels and vault maps discovered:
D:1:      psy_arrival_terrarium, layout_loops_ring,
          minmay_misc_feat_more_columns
D:2:      layout_basic, dreamdust_ecumenical_altar_angels_and_demons,
          basic_altar, uniq_natasha, uniq_robin
D:3:      layout_basic, grunt_gozag_breadcrumbs, serial_shops,
          nicolae_shop_stone, interstate_on_off, uniq_crazy_yiuf_cottage
D:4:      wad_woods_stonehenge, layout_rooms,
          mainiacjoe_overflow_small_starburst, skrybe_limestone_x,
          minmay_rat_hole
D:5:      layout_basic, mainiacjoe_overflow_cross_hatched, lemuel_tele_altar,
          minmay_temple_entry_purple_smoke, portal_sewer_entry_a
D:6:      layout_cave_pools, zin_purify, serial_bayou, serial_bayou_pond_d,
          serial_bayou_pond_e, serial_bayou_pond_d, serial_bayou_shore_b,
          serial_bayou_lagoon_b, serial_bayou_lake_a

Skill      XL: |  1  2  3  4  5  6  7 |
---------------+----------------------+-----
Axes           | 3 4 5 6 |  6.2
Armour         | 2 3 4 |  4.2
Fighting       | 4 5 6 |  6.9
Dodging        | |  1.7

Action                   |  1- 3 |  4- 6 |  7- 9 || total
-------------------------+-------+-------+-------++-------
Melee: Hand axe          |    74 |   198 |   160 ||   432
       Kick              |    13 |    52 |    46 ||   111
       Tailslap          |       |    13 |    19 ||    32
       Punch             |       |     3 |     3 ||     6
Throw: Boomerang         |       |       |    18 ||    18
Invok: Berserk           |     1 |     2 |       ||     3
       Brothers in Arms  |       |       |     1 ||     1
  Use: Scroll            |       |     8 |     5 ||    13
       Potion            |       |       |     2 ||     2
Armor: Ring mail         |    29 |    55 |       ||    84
       Animal skin       |     1 |       |       ||     1
       Chain mail        |       |    29 |    67 ||    96
       Scale mail        |       |       |     8 ||     8
Dodge: Dodged            |    45 |   107 |   118 ||   270

Table legend: (Time is in decaauts)
 A = Elapsed time spent in this place.
 B = Non-inter-level travel time spent in this place.
 C = Inter-level travel time spent in this place.
 D = Time resting spent in this place.
 E = Time spent auto-exploring this place.
 F = Levels seen in this place.
 G = Mean time per level.
                   A        B        C        D        E       F      G
               +--------+--------+--------+--------+--------+-----+--------+
         Total |   6933 |   6743 |    190 |     33 |   5258 |   7 |  990.4 |
       Dungeon |   6373 |   6183 |    190 |     33 |   4927 |   6 | 1062.2 |
         Sewer |    559 |    559 |      0 |      0 |    331 |   1 |  559.0 |
               +--------+--------+--------+--------+--------+-----+--------+

Top non-repeatable levels by time:
     D:2: 1595 daAuts
     D:5: 1342 daAuts
     D:3: 1341 daAuts
     D:1: 919 daAuts
     D:4: 820 daAuts
   Sewer: 559 daAuts
     D:6: 354 daAuts
